 Dungeon Crawl Stone Soup version 0.30-a0-782-ge64f9170bb (webtiles) character file.

Game seed: 17536579125816279203

134 theswoord the Skirmisher (level 4, 0/25 HPs)
             Began as a Deep Elf Hunter on Mar 15, 2023.
             Slain by an orc priest
             ... wielding a +0 hand axe
              (1 damage)
             ... on level 3 of the Dungeon.
             The game lasted 00:03:21 (1668 turns).

theswoord the Skirmisher (Deep Elf Hunter)          Turns: 1668, Time: 00:03:22

Health: 0/25       AC:  8    Str:  8    XL:     4   Next: 95%
Magic:  0/6        EV:  8    Int: 14    God:
Gold:   266        SH:  0    Dex: 20    Spells: 3/3 levels left

rFire   . . .      SeeInvis .    a - +0 shortbow
rCold   . . .      Faith    .    (shield currently unavailable)
rNeg    . . .      Spirit   +    l - +0 scale mail
rPois   .          Reflect  .    (no helmet)
rElec   .          Harm     .    f - +1 cloak
rCorr   .          Rampage  .    (no gloves)
Will    .....                    (no boots)
Stlth   +                        j - amulet of guardian spirit
HPRegen 0.24/turn                (no ring)
MPRegen 0.10/turn                (no ring)

@: no status effects
A: MP-powered wands
a: no special abilities


You were on level 3 of the Dungeon.
You visited 1 branch of the dungeon, and saw 3 of its levels.

You collected 266 gold pieces.

Inventory:

Hand Weapons
 a - a +0 shortbow (weapon)
Armour
 c - a +0 leather armour
 f - a +1 cloak (worn)
 l - a +0 scale mail (worn)
 m - a scarf of repulsion
 p - a +0 helmet
Jewellery
 i - an amulet of regeneration
 j - an amulet of guardian spirit (around neck)
 o - an amulet of reflection
Scrolls
 b - a scroll of immolation
 d - a scroll of enchant armour
 k - 2 scrolls of silence
 r - a scroll of identify {unknown}
 s - a scroll of teleportation
Potions
 e - a potion of mutation
 h - a potion of ambrosia
 n - a potion of resistance
 q - a potion of cancellation {unknown}
 t - a potion of lignification {unknown}


   Skills:
 - Level 1.5 Fighting
 + Level 8.3 Ranged Weapons
 - Level 2.4 Dodging
 - Level 1.2 Stealth


You had 3 spell levels left.
You didn't know any spells.
Your spell library contained the following spells:

 Spells                   Type           Power      Damage    Failure   Level
 Call Canine Familiar     Summ           0%         N/A       100%        3
 Dazzling Flash           Conj/Hex       0%         N/A       100%        3
 Stone Arrow              Conj/Erth      0%         3d7       100%        3
 Summon Guardian Golem    Hex/Summ       0%         N/A       100%        3
 Animate Armour           Summ/Erth      0%         N/A       100%        4
 Iskenderun's Mystic Bla  Conj/Tloc      0%         2d3       100%        4
 Agony                    Necr           0%         N/A       100%        5
 Starburst                Conj/Fire      0%         6d3       100%        6
 Lehudib's Crystal Spear  Conj/Erth      0%         10d2      100%        8


Dungeon Overview and Level Annotations

Branches:
Dungeon (3/15)

Altars:
Qazlal
Trog

Shops:
D:1 !


Innate Abilities, Weirdness & Mutations

You expend magic power (3 MP) to strengthen your wands.


Message History

The orc priest hits you with a +0 hand axe.
* * * LOW HITPOINT WARNING * * *
The orc priest calls upon Beogh to heal the orc priest.
The orc priest's wounds heal themselves!
It was a potion of ambrosia.
You are confused.
You feel invigorated.
The orc priest hits you with a +0 hand axe.
* * * LOW HITPOINT WARNING * * *
The orc priest hits you with a +0 war axe.
* * * LOW HITPOINT WARNING * * *
You barely miss the orc priest. The orc priest closely misses you.
The orc priest barely misses you.
The orc priest attacks as you move away!
The orc priest barely misses you.
You bump into the rock wall.
The orc priest mumbles some strange prayers to Beogh against you.
You barely resist.
You clumsily bash the orc priest but do no damage.
The orc priest hits you but does no damage.
The orc priest hits you with a +0 war axe.
You bump into the rock wall.
You feel less invigorated.
You feel less confused.
The orc priest hits you but does no damage.
The orc priest hits you with a +0 war axe.
The orc priest attacks as you move away!
The orc priest hits you with a +0 war axe.
The orc priest attacks as you move away!
The orc priest hits you with a +0 hand axe.
* * * LOW HITPOINT WARNING * * *
The orc priest looks satisfied for a moment.
You shoot an arrow. The arrow hits the orc priest.
The orc priest invokes the aid of Beogh against you.
Beogh smites you!
* * * LOW HITPOINT WARNING * * *
You shoot an arrow.
The arrow closely misses the orc priest.
The arrow hits the orc priest!
The orc priest hits you with a +0 hand axe.
You die...

#.# #..# # #.###### #..# ..
#.##...# #..# ...
#.##.#.#########..#
..###.##.#............# .
>)...#.############.# #
#...#.#..........#.# #..
..##.#..##.#.########.#.# ...
........oo@#.#......#.#.# #.#
####.#######.#.####.#.#.### #.#
#. ........#.....<......# #.#
...............#####.#####
#.#####.#......................#
#....##.#..##########.#####.####
...........#..(...###.## #.#
#....##.##.#..)........# ###
#....##.##.#......######


You could see 2 orc priests.

Vanquished Creatures
  Ijyb (D:3)
  Robin (D:3)
  2 adders
  An orc (D:3)
  5 bats
  13 endoplasms
  3 giant cockroaches (D:2)
  18 goblins
  6 hobgoblins
  2 quokkas (D:2)
  6 ball pythons
  2 frilled lizards
  4 kobolds
  3 rats
67 creatures vanquished.

Notes
Turn   | Place    | Note
-------+----------+-------------------------------------------
     0 | D:1      | theswoord the Deep Elf Hunter began the quest for the Orb.
     0 | D:1      | Reached XP level 1. HP: 12/12 MP: 3/3
   102 | D:1      | Found Aradaasm's Distillery.
   115 | D:1      | Reached skill level 6 in Ranged Weapons
   115 | D:1      | Reached XP level 2. HP: 16/16 MP: 4/4
   628 | D:2      | Got the Lectures on Darkness and the Band
   638 | D:2      | Reached XP level 3. HP: 20/20 MP: 5/5
   746 | D:2      | Reached skill level 7 in Ranged Weapons
   992 | D:3      | Noticed Robin
  1109 | D:3      | Killed Robin
  1115 | D:3      | Reached XP level 4. HP: 25/25 MP: 6/6
  1448 | D:3      | Reached skill level 8 in Ranged Weapons
  1528 | D:3      | Found a bloodstained altar of Trog.
  1528 | D:3      | Found a stormy altar of Qazlal.
  1556 | D:3      | Noticed Ijyb
  1568 | D:3      | Killed Ijyb
  1657 | D:3      | Gained mutation: You expend magic power (3 MP) to
                  | strengthen your wands. [potion of mutation]
  1667 | D:3      | HP: 1/25 [orc priest/divine providence (11)]
  1668 | D:3      | Slain by an orc priest

Skill      XL: |  1  2  3  4 |
---------------+-------------+-----
Ranged Weapons | 6 7 8 |  8.3
Fighting       | |  1.5
Dodging        | |  2.4
Stealth        | |  1.2

Action                     |  1- 3 |  4- 6 || total
---------------------------+-------+-------++-------
  Melee: Unarmed           |       |     6 ||     6
         Shortbow          |       |     2 ||     2
   Fire: Shortbow          |   106 |    55 ||   161
    Use: Scroll            |     3 |     2 ||     5
         Potion            |       |     3 ||     3
 Armour: Scale mail        |    22 |    11 ||    33
         Skin              |       |     2 ||     2
  Dodge: Dodged            |    17 |    20 ||    37

Levels and vault maps discovered:
D:1:      minmay_arrival_four_houses, layout_loops_cross, serial_shops,
          nicolae_square_shop
D:2:      layout_rooms, serial_park_tiny_pond, minmay_misc_feat_ornament
D:3:      layout_basic, gammafunk_temple_overflow_statue,
          chequers_serial_rivers_large_a, dreamdust_mushroom_princess,
          uniq_ijyb, uniq_robin
